 Seeded DCSS version 0.28.0-53-g5a82cb258f (webtiles) character file.

Game seed: 345345342342 (custom seed)

1 LukeHatake the Ducker (level 1, -1/16 HPs)
             Began as a Demonspawn Gladiator on May 26, 2022.
             Slain by a kobold
             ... wielding a +0 short sword
              (5 damage)
             ... on level 2 of the Dungeon.
             The game lasted 00:01:15 (167 turns).

LukeHatake the Ducker (Demonspawn Gladiator)         Turns: 167, Time: 00:01:16

Health: -1/16      AC:  4    Str: 14    XL:     1   Next: 16%
Magic:  1/1        EV: 12    Int:  9    God:
Gold:   14         SH:  0    Dex: 14    Spells: 0/0 levels left

rFire   . . .      SeeInvis .   a - +0 long sword
rCold   . . .      Faith    .   (no shield)
rNeg    . . .      Spirit   .   b - +0 leather armour
rPois   .          Reflect  .   c - +0 helmet
rElec   .          Harm     .   (no cloak)
rCorr   .          Rampage  .   (no gloves)
Will    .....                   (no boots)
Stlth   +.........              (no amulet)
HPRegen 0.05/turn               (no ring)
MPRegen 0.07/turn               (no ring)

@: no status effects
A: no striking features
a: no special abilities


You were on level 2 of the Dungeon.
You visited 1 branch of the dungeon, and saw 2 of its levels.

You collected 14 gold pieces.

Inventory:

Hand Weapons
 a - a +0 long sword (weapon)
Missiles
 d - 3 throwing nets (quivered)
Armour
 b - a +0 leather armour (worn)
 c - a +0 helmet (worn)
Potions
 e - a potion of might {unknown}


   Skills:
 + Level 2.1 Fighting
 + Level 2.6 Long Blades
 + Level 1.7 Throwing
 + Level 2.6 Dodging


You couldn't memorise any spells.
You didn't know any spells.
Your spell library was empty.

Dungeon Overview and Level Annotations

Branches:
Dungeon (2/15)

Altars:


Message History

The jackal bites you but does no damage. x2
The kobold misses you. The jackal closely misses you.
The jackal bites you but does no damage.
The jackal closely misses you.
The jackal bites you but does no damage.
The kobold closely misses you.
You barely miss the jackal. The jackal closely misses you. x2
The jackal bites you but does no damage. x2
The jackal barely misses you.
The kobold hits you with a +0 short sword.
The dart slug launches a dart at you. The slug dart misses you.
The slug dart hits the jackal.
You hit the jackal.
You kill the jackal!
The jackal bites you.
The jackal bites you but does no damage.
The kobold barely misses you. The jackal closely misses you.
The jackal bites you but does no damage.
You barely miss the jackal.
The jackal is heavily wounded.
The jackal barely misses you.
The jackal bites you but does no damage.
The kobold hits you with a +0 short sword.
The dart slug bites you.
The jackal bites you but does no damage.
The jackal barely misses you.
The kobold hits you with a +0 short sword.
The jackal barely misses you. The jackal closely misses you.
The jackal bites you but does no damage.
The dart slug barely misses you.
The jackal stops to sniff the ground.
The jackal bites you but does no damage.
The jackal barely misses you. The jackal bites you.
* * * LOW HITPOINT WARNING * * *
The kobold closely misses you. The jackal completely misses you.
The jackal bites you but does no damage.
The kobold hits you with a +0 short sword.
You die...

##########
#..@.....#
#hKh...#.#
#w.....#.##
#.........#
#..<...#...
#......# ##
#........#
####.#####
#.#


You could see a dart slug, 2 jackals and a kobold.

Vanquished Creatures
  A jackal (D:2)
1 creature vanquished.

Notes
Turn   | Place    | Note
-------+----------+-------------------------------------------
     0 | D:1      | LukeHatake the Demonspawn Gladiator began the quest for the
                  | Orb.
     0 | D:1      | Reached XP level 1. HP: 16/16 MP: 1/1
   167 | D:2      | Slain by a kobold

Illustrated notes

Levels and vault maps discovered:
D:1:      dpeg_arrival_three_smaller_balls, layout_loops_ring,
          hellmonk_ecumenical_altar_lost_god, kennysheep_boxes
D:2:      layout_loops_corners, serial_shops, nicolae_shop_window_shopping,
          serial_forest, infiniplex_forest_end_2, infiniplex_forest_lined_2,
          infiniplex_forest_lined_corner, infiniplex_forest_straight_2,
          infiniplex_forest_clump_curved, infiniplex_forest_diagonal,
          infiniplex_forest_end_2, minmay_hexomino_u4

Action                   || total
-------------------------++-------
Melee: Long sword        ||     6
Armor: Leather armour    ||    13
Dodge: Dodged            ||    23
